 Dungeon Crawl Stone Soup version 0.28-a0-94-g325244837d (webtiles) character file.

Game seed: 15333038207500225511

366 Leeroy the Slasher (level 6, 0/47 HPs)
             Began as a Palentonga Warper on Aug 7, 2021.
             Was an Initiate of the Shining One.
             Slain by an iguana (6 damage)
             ... on level 4 of the Dungeon.
             The game lasted 00:11:43 (7440 turns).

Leeroy the Slasher (Palentonga Warper)              Turns: 7440, Time: 00:11:43

Health: 0/47       AC:  6    Str: 15    XL:     6   Next: 40%
Magic:  9/9        EV:  9    Int: 15    God:    the Shining One [......]
Gold:   137        SH:  0    Dex:  9    Spells: 1/9 levels left

rFire   . . .      SeeInvis +   a - +0 falchion
rCold   . . .      Faith    .   (no shield)
rNeg    . . .      Spirit   .   b - +0 leather armour
rPois   .          Reflect  .   t - +0 helmet
rElec   .          Harm     .   (no cloak)
rCorr   .          Rampage  .   f - +0 pair of gloves
Will    .....                   (no barding)
Stlth   +.........              (no amulet)
HPRegen 0.15/turn               (no ring)
MPRegen 0.11/turn               (no ring)

@: glowing
A: large, rugged brown scales 3, see invisible, deformed body, roll 1, armoured
tail
a: Rolling Charge, Renounce Religion


You were on level 4 of the Dungeon.
You worshipped the Shining One.
The Shining One was noncommittal.
You visited 1 branch of the dungeon, and saw 5 of its levels.

You collected 137 gold pieces.

Inventory:

Hand Weapons
 a - a +0 falchion (weapon)
 j - a +1 falchion of draining
 l - a +0 quarterstaff
 p - a +0 rapier
 q - a +2 hand crossbow of freezing
 s - a +0 quarterstaff
Missiles
 d - 5 boomerangs of dispersal (quivered)
 e - 13 poisoned darts
 o - 2 throwing nets
Armour
 b - a +0 leather armour (worn)
 f - a +0 pair of gloves (worn)
 g - a +0 ring mail
 i - a +0 tower shield
 m - a +0 ring mail
 t - a +0 helmet (worn)
Jewellery
 k - a +6 ring of intelligence
Scrolls
 c - 3 scrolls of blinking
 h - a scroll of teleportation {unknown}
 n - 2 scrolls of identify
 r - a scroll of holy word {unknown}


   Skills:
 - Level 2.0 Fighting
 + Level 6.9 Long Blades
 - Level 0.6 Throwing
 - Level 0.7 Armour
 - Level 1.5 Dodging
 - Level 2.0 Spellcasting
 - Level 3.0 Translocations


You had one spell level left.
You knew the following spells:

 Your Spells              Type           Power      Damage    Failure   Level
a - Blink                 Tloc           N/A        N/A       12%         2
b - Lesser Beckoning      Tloc           5%         N/A       24%         3
c - Teleport Other        Tloc           10%        N/A       24%         3

Your spell library contained the following spells:

 Spells                   Type           Power      Damage    Failure   Level
 Gell's Gravitas          Tloc           5%         N/A       24%         3
 Manifold Assault         Tloc           10%        N/A       91%         5


Dungeon Overview and Level Annotations

Branches:
Dungeon (5/15)
 Temple: D:4-7

Altars:
Dithmenos
Makhleb
Vehumet
The Shining One

Shops:
D:2 ?


Innate Abilities, Weirdness & Mutations

You are completely covered in rugged brown scales. (AC +3, +7% HP)
You have supernaturally acute eyesight. (SInv)
Armour fits poorly on your strangely shaped body.
You can roll at nearby foes to attack.
You have a long armoured tail.


Message History

The iguana is heavily wounded.
The iguana bites you but does no damage.
An orc comes into view. It is wielding a +0 trident.
An orc priest comes into view. It is wielding a +0 hand axe.
The orc shouts!
You hit the iguana.
The iguana is heavily wounded.
The orc hits you but does no damage. The iguana closely misses you.
You barely miss the iguana.
The iguana is heavily wounded.
The orc hits you but does no damage. The centaur zombie hits you.
The centaur zombie barely misses you. The iguana bites you!
You hit the iguana.
The iguana is heavily wounded.
The orc priest looks braver for a moment.
The orc hits you with a +0 whip. The centaur zombie hits you.
The centaur zombie kicks you but does no damage.
The iguana closely misses you.
You riposte.
You hit the iguana.
The iguana is severely wounded.
The centaur zombie hits you but does no damage.
The centaur zombie kicks you but does no damage.
The iguana bites you.
You climb upwards.
The hobgoblin closely misses you. The hobgoblin completely misses you.
There is a stone staircase leading down here.
You are too injured to fight recklessly!
You completely miss the iguana.
The iguana is severely wounded.
The orc hits you but does no damage. The hobgoblin barely misses you.
You riposte.
You hit the hobgoblin.
The hobgoblin is almost dead.
You completely miss the iguana. You tail-slap the iguana.
The iguana is almost dead.
The iguana bites you!
* * * LOW HITPOINT WARNING * * *
The orc completely misses you. The hobgoblin closely misses you.
You hit the iguana but do no damage.
The iguana is almost dead.
The iguana bites you.
You die...

#.......###.....
#...#..####.....
#...#..).<..##..
#...#..#...###..
#........### ##.
#####.....####
## #.........# #
#...l.....#
#..@o.....#
#..g......#
#.........#
###########


You could see an iguana, an orc and a hobgoblin.

Vanquished Creatures
  A water moccasin skeleton (D:3)
  A howler monkey (D:3)
  A hound (D:4)
  An orc wizard (D:2)
  A hound skeleton (D:3)
  8 gnolls
  5 adders
  3 worms (D:2)
  A dart slug (D:2)
  4 orcs
  5 endoplasms
  2 giant cockroaches
  6 goblins
  11 hobgoblins
  6 jackals
  3 kobolds
  5 quokkas
  7 ball pythons
  6 bats
  2 frilled lizards
  9 rats
88 creatures vanquished.

Vanquished Creatures (others)
  A plant (D:1)
1 creature vanquished.

Grand Total: 89 creatures vanquished

Notes
Turn   | Place    | Note
-------+----------+-------------------------------------------
     0 | D:1      | Leeroy the Palentonga Warper began the quest for the Orb.
     0 | D:1      | Reached XP level 1. HP: 17/17 MP: 3/3
   484 | D:1      | Reached XP level 2. HP: 22/23 MP: 5/5
   743 | D:1      | Reached skill level 3 in Long Blades
  1338 | D:2      | Found Batziesa's Magic Scroll Shop.
  1475 | D:2      | Reached XP level 3. HP: 28/28 MP: 6/6
  1490 | D:2      | Learned a level 2 spell: Blink
  1494 | D:2      | Learned a level 3 spell: Lesser Beckoning
  1856 | D:2      | Reached skill level 4 in Long Blades
  2497 | D:2      | Found a faded altar of an unknown god.
  2560 | D:1      | Reached XP level 4. HP: 7/35 MP: 7/7
  3240 | D:3      | Found a glowing golden altar of the Shining One.
  3271 | D:3      | Became a worshipper of the Shining One
  3434 | D:3      | Found a shadowy altar of Dithmenos.
  3717 | D:3      | Found a radiant altar of Vehumet.
  4494 | D:2      | Reached skill level 5 in Long Blades
  4902 | D:3      | Reached XP level 5. HP: 37/40 MP: 8/8
  5278 | D:3      | Found a burning altar of Makhleb.
  5454 | D:3      | Reached skill level 6 in Long Blades
  5716 | D:3      | Reached XP level 6. HP: 21/47 MP: 9/9
  5888 | D:3      | Learned a level 3 spell: Teleport Other
  7430 | D:5      | Entered Level 5 of the Dungeon
  7440 | D:4      | Slain by an iguana

Illustrated notes

Levels and vault maps discovered:
D:1:      lightli_arrival_statue_moat, layout_loops_ring, serial_forest,
          infiniplex_forest_clump_curved, infiniplex_forest_diagonal,
          infiniplex_forest_lined_2, infiniplex_forest_3_way,
          infiniplex_forest_corner_2, infiniplex_forest_clump_medium,
          infiniplex_forest_clump_tiny, minivault_27, minmay_quantized
D:2:      layout_loops_corners, serial_shops, nicolae_shop_stone,
          hellmonk_ecumenical_altar_arch_garden
D:3:      layout_loops_ring, lemuel_coloured_pillars_altar,
          lightli_temple_of_fire, lemuel_round_altar, lemuel_doored_altar,
          st_stairs_7, minmay_tree_intersection
D:4:      layout_rooms, hangedman_glass_teeth
D:5:      layout_basic, cheibrodos_worm_habitat, fedhas_altar_decomposition

Skill      XL: |  1  2  3  4  5 |
---------------+----------------+-----
Long Blades    | 3 4 5 6 |  6.9
Fighting       | |  2.0
Throwing       | |  0.6
Armour         | |  0.7
Dodging        | |  1.5
Spellcasting   | |  2.0
Translocations | |  3.0

Action                   |  1- 3 |  4- 6 || total
-------------------------+-------+-------++-------
Melee: Falchion          |   141 |   223 ||   364
       Tailslap          |    17 |    23 ||    40
 Cast: Teleport Other    |       |     1 ||     1
       Blink             |       |     1 ||     1
 Abil: Rolling Charge    |    19 |    21 ||    40
  Use: Potion            |     1 |     1 ||     2
       Scroll            |     1 |       ||     1
Armor: Leather armour    |    55 |    76 ||   131
       Skin              |     8 |       ||     8
Dodge: Dodged            |    76 |   117 ||   193
       Rpst.: Falchion   |    29 |    35 ||    64

Table legend: (Time is in decaauts)
 A = Elapsed time spent in this place.
 B = Non-inter-level travel time spent in this place.
 C = Inter-level travel time spent in this place.
 D = Time resting spent in this place.
 E = Time spent auto-exploring this place.
 F = Levels seen in this place.
 G = Mean time per level.
                   A        B        C        D        E       F      G
               +--------+--------+--------+--------+--------+-----+--------+
         Total |   7471 |   7194 |    277 |   3002 |   3284 |   5 | 1494.2 |
       Dungeon |   7471 |   7194 |    277 |   3002 |   3284 |   5 | 1494.2 |
               +--------+--------+--------+--------+--------+-----+--------+

Top non-repeatable levels by time:
     D:3: 2599 daAuts
     D:2: 2415 daAuts
     D:1: 1748 daAuts
     D:4: 701 daAuts
     D:5: 6 daAuts
